 Dungeon Crawl Stone Soup version 0.30.1-6-gbe392663c4 (webtiles) character file.

Game seed: 14636919882710957381

203896 safid the Gelid (level 18, 0/160 HPs)
             Began as a Merfolk Ice Elementalist on Sept 19, 2023.
             Was the Champion of Vehumet.
             Slain by a caustic shrike simulacrum (7 damage)
             ... in an ice cave on Sept 20, 2023.
             The game lasted 01:43:46 (38324 turns).

safid the Gelid (Merfolk Ice Elementalist)         Turns: 38324, Time: 01:43:47

Health: 0/160      AC: 13    Str: 12    XL:     18   Next: 63%
Magic:  36/36      EV: 18    Int: 30    God:    Vehumet [******]
Gold:   2261       SH:  5    Dex: 14    Spells: 0/33 levels left

rFire   + . .        X - +6 Majin-Bo {spellvamp, MP+6 Int+6}
rCold   + + +        M - +0 buckler "Wekkodie" {rN+}
rNeg    + + .        N - +2 robe {rF+}
rPois   +            C - +2 helmet
rElec   +            d - +2 cloak
rCorr   .            R - +2 pair of gloves {Str+3}
SInv    +            (no boots)
Will    +....        k - amulet of regeneration
Stlth   ++           H - ring "Hoadexaq" {rPois rN+ SInv}
HPRegen 1.26/turn    s - ring "Hewihev" {Fly rElec rPois rC+++ Slay-6}
MPRegen 0.25/turn

%: clarity
@: flying, very slightly contaminated, hasted and slowed
A: (nimble swimmer 2), mertail, clarity, clever 1, sense surroundings 1
}: 1/15 runes: barnacled
a: Renounce Religion


You were in an ice cave.
You worshipped Vehumet.
Vehumet was exalted by your worship.
You visited 6 branches of the dungeon, and saw 31 of its levels.
You also visited: Sewer, Ossuary, Gauntlet, Ice Cave and Volcano.

You collected 3112 gold pieces.
You spent 851 gold pieces at shops.

Inventory:

Hand Weapons
 j - a +4 demon trident of freezing
 X - the +6 Majin-Bo (weapon) {spellvamp, MP+6 Int+6}
   (You found it in a Gauntlet)

   Int:       It affects your intelligence (+6).
   MP:        It affects your magic capacity (+6).
Missiles
 E - 4 curare-tipped darts
Armour
 d - a +2 cloak (worn)
 f - the +1 robe of Vlad {rElec}
   (You found it on level 1 of the Shoals)

   rElec:     It insulates you from electricity.
 C - a +2 helmet (worn)
 M - the +0 buckler "Wekkodie" (worn) {rN+}
   (You found it on level 7 of the Dungeon)

   rN:        It protects you from negative energy.
 N - a +2 robe of fire resistance (worn)
 Q - a +1 cloak of cold resistance
 R - a +2 pair of gloves of strength (worn)
Jewellery
 a - the amulet "Iffuf" {RegenMP rC+ Str+6}
   (You found it in a Gauntlet)

   [amulet of magic regeneration]

   It increases your rate of magic regeneration.
   Str:       It affects your strength (+6).
   rC:        It protects you from cold.
 k - an amulet of regeneration (around neck)
 q - a ring of protection from fire
 s - the ring "Hewihev" (right hand) {Fly rElec rPois rC+++ Slay-6}
   (You found it on level 4 of the Shoals)

   [ring of flight]

   Slay:      It affects your accuracy & damage with ranged weapons and melee
   (-6).
   rC:        It renders you almost immune to cold.
   rElec:     It insulates you from electricity.
   rPois:     It protects you from poison.
   Fly:       It grants you flight.
 t - a ring of wizardry
 H - the ring "Hoadexaq" (left hand) {rPois rN+ SInv}
   (You bought it in a shop on level 2 of the Orcish Mines)

   [ring of poison resistance]

   rPois:     It protects you from poison.
   rN:        It protects you from negative energy.
   SInv:      It lets you see invisible.
 K - the ring "Felan" {+Blink rPois rF+ rN+}
   (You found it in an ice cave)

   [ring of positive energy]

   rF:        It protects you from fire.
   rPois:     It protects you from poison.
   rN:        It protects you from negative energy.
   +Blink:    It lets you blink.
 Y - the ring "Ucsusoan" {Fire rElec rPois Int-2 Dex+2}
   (You found it in a Gauntlet)

   [ring of fire]

   It enhances your fire magic.
   Int:       It affects your intelligence (-2).
   Dex:       It affects your dexterity (+2).
   rF:        It protects you from fire.
   rC:        It makes you vulnerable to cold.
   rElec:     It insulates you from electricity.
   rPois:     It protects you from poison.
 Z - a ring of resist corrosion
Wands
 v - a wand of paralysis (23) (quivered)
 B - a wand of roots (65)
 J - a wand of mindburst (20)
 L - a wand of quicksilver (6)
 S - a wand of flame (36)
 U - a wand of digging (7)
Scrolls
 c - a scroll of blinking
 i - a scroll of brand weapon
 l - 7 scrolls of butterflies
 m - a scroll of fear
 p - a scroll of identify
 r - 14 scrolls of teleportation
 u - 2 scrolls of silence
 y - 3 scrolls of enchant weapon
 A - 2 scrolls of fog
 G - 6 scrolls of amnesia
 P - 2 scrolls of magic mapping
Potions
 b - 6 potions of magic
 e - 4 potions of cancellation
 g - 3 potions of berserk rage
 h - 10 potions of curing
 n - 10 potions of brilliance
 x - 6 potions of haste
 z - 11 potions of lignification
 D - 5 potions of invisibility
 F - 6 potions of mutation
 I - 8 potions of might
 T - 5 potions of resistance
Miscellaneous
 o - a phial of floods
 O - a box of beasts
 W - a phantom mirror


   Skills:
 + Level 19.0 Fighting
 - Level 12.0 Staves
 - Level 13.0 Dodging
 - Level 2.1 Stealth
 - Level 4.0 Shields
 - Level 8.0 Spellcasting
 - Level 6.0 Conjurations
 - Level 12.0 Transmutations
 + Level 19.6 Ice Magic
 - Level 4.0 Air Magic
 - Level 8.0 Evocations


You couldn't memorise any spells.
You knew the following spells:

 Your Spells              Type           Power      Damage    Failure   Level
a - Irradiate             Conj/Tmut      30%        3d21      1%          5
b - Frozen Ramparts       Ice            100%       1d16      0%          3
c - Ozocubu's Armour      Ice            92%        N/A       0%          3
d - Freezing Cloud        Conj/Ice/Air   31%        6-21      1%          5
e - Ozocubu's Refrigerat  Ice            46%        4d17      1%          7
f - Freeze                Ice            100%       1d10      0%          1
g - Polar Vortex          Ice            46%        N/A       41%         9

Your spell library contained the following spells:

 Spells                   Type           Power      Damage    Failure   Level
 Chain Lightning          Conj/Air       21%        3d28      100%        9
 Shatter                  Erth           6%         3d9*      100%        9
 Sting                    Tmut/Pois      100%       1d8       1%          1
 Ensorcelled Hibernation  Hex/Ice        100%       N/A       1%          2
 Passwall                 Tmut/Erth      40%        N/A       1%          2
 Poisonous Vapours        Pois/Air       48%        N/A       1%          2
 Dazzling Flash           Conj/Hex       60%        N/A       1%          3
 Ignite Poison            Fire/Tmut/Pois 36%        N/A       1%          3
 Summon Ice Beast         Ice/Summ       63%        N/A       1%          4
 Blade Hands              Tmut           35%        N/A       1%          5
 Swiftness                Air            36%        N/A       3%          3
 Metabolic Englaciation   Hex/Ice        31%        N/A       3%          5
 Inner Flame              Hex/Fire       12%        N/A       4%          3
 Volatile Blastmotes      Fire/Tloc      24%        2d12      4%          3
 Iskenderun's Mystic Bla  Conj/Tloc      30%        2d8       4%          4
 Petrify                  Tmut/Erth      48%        N/A       4%          4
 Yara's Violent Unravell  Hex/Tmut       24%        3d11      4%          5
 Cigotuvi's Dreadful Rot  Necr/Pois/Air  38%        N/A       5%          2
 Arcjolt                  Conj/Air       21%        1d31      5%          5
 Vhi's Electric Charge    Tloc/Air       48%        N/A       8%          3
 Lesser Beckoning         Tloc           24%        N/A       9%          2
 Sublimation of Blood     Necr           12%        N/A       9%          2
 Olgreb's Toxic Radiance  Pois           12%        N/A       16%         4
 Simulacrum               Ice/Necr       31%        N/A       16%         6
 Call Canine Familiar     Summ           12%        N/A       17%         3
 Gell's Gravitas          Tloc           12%        N/A       17%         3
 Portal Projectile        Hex/Tloc       24%        N/A       17%         3
 Teleport Other           Tloc           12%        N/A       17%         3
 Tukima's Dance           Hex            12%        N/A       17%         3
 Summon Lightning Spire   Summ/Air       24%        N/A       26%         4
 Dragon Form              Tmut           35%        N/A       34%         7
 Lee's Rapid Deconstruct  Erth           6%         3d6*      36%         5
 Animate Dead             Necr           12%        N/A       50%         4
 Cause Fear               Hex            6%         N/A       50%         4
 Leda's Liquefaction      Hex/Erth       6%         N/A       50%         4
 Starburst                Conj/Fire      15%        6d6       52%         6
 Statue Form              Tmut/Erth      32%        N/A       58%         6
 Plasma Beam              Fire/Air       12%        2x1d25    65%         6
 Storm Form               Tmut/Air       28%        N/A       88%         7
 Enfeeble                 Hex            6%         N/A       100%        7
 Haunt                    Necr/Summ      6%         N/A       100%        7
 Infestation              Necr           6%         N/A       100%        8
 Maxwell's Capacitive Co  Air            18%        ∞         100%        8
 Dragon's Call            Summ           6%         N/A       100%        9


Dungeon Overview and Level Annotations

Branches:
Dungeon (15/15)            Temple (1/1) D:6            Lair (5/5) D:9
 Shoals (4/4) Lair:2        Snake (4/4) Lair:3        Slime (0/5) Lair:5
    Orc (2/2) D:11            Elf (0/3) Orc:2        Vaults (0/5) D:13
 Depths (0/4) D:15          Sewer (visited)         Ossuary (visited)
  IceCv (1/1)             Volcano (visited)         Gauntlet (visited)

Altars:
Ashenzari
Cheibriados
Dithmenos
Fedhas
Gozag
Hepliaklqana
Kikubaaqudgha
Makhleb
Okawaru
Qazlal
Ru
Sif Muna
Trog
Uskayaw
Vehumet
Wu Jian
Xom
Yredelemnul
Zin
The Shining One
Jiyva

Shops:
Orc:2 [[!!(*[*   Shoals:1 [[   Shoals:2 *

Annotations:
D:4 2 runed translucent doors, mortz's ghost, amateur DgCj
D:10 2 transporters, Ninjinzu's ghost, novice DsBe
D:11 2 transporters, safid's ghost, journeyman MfIE
Temple 2 transporters
Lair:3 2 transporters, Teddeol's ghost, journeyman NaRe
Shoals:1 Mlioglotl
Shoals:3 3 runed translucent doors, Heomusus's ghost, adept DrTm IceCv exclusion: obsidian statue


Innate Abilities, Weirdness & Mutations

((You are very nimble when in or above water. (Stealth+, EV+, Speed+++)))
Your lower body shifts to a powerful aquatic tail in water.
You possess an exceptional clarity of mind.
Your mind is acute. (Int +4, Str/Dex -1)
You passively map a small area around you.


Message History

* * * LOW HITPOINT WARNING * * *
The caustic shrike simulacrum claws you!
* * * LOW HITPOINT WARNING * * *
The caustic shrike simulacrum freezes you!
You resist.
* * * LOW HITPOINT WARNING * * *
The caustic shrike simulacrum claws you.
* * * LOW HITPOINT WARNING * * *
The caustic shrike simulacrum freezes you.
You resist.
* * * LOW HITPOINT WARNING * * *
Blink to where?
Press: ? - help, Dir - move target, p - caustic shrike simulacrum
As you read the scroll of blinking, it crumbles to dust.
You feel yourself speed up.
Blink to where?
Press: ? - help, Dir - move target
As you read the scroll of blinking, it crumbles to dust.
Throw: throwing net
Press: ? - help, Q - select action, (/) - cycle Shift-Dir - straight line, f - caustic shrike simulacrum
Aim: a caustic shrike simulacrum (moderately damaged, 51% to hit)
You throw a throwing net.
The throwing net hits the caustic shrike simulacrum.
The caustic shrike simulacrum is caught in the net!
The caustic shrike simulacrum is moderately damaged.
The caustic shrike simulacrum struggles against the net. x2
The net rips apart, and the caustic shrike simulacrum comes free!
Aiming: Fastroot
Press: ? - help, Q - select action, (/) - cycle Shift-Dir - straight line, f/p - caustic shrike simulacrum
Aim: a caustic shrike simulacrum (moderately damaged)
Okay, then.
Aiming: Paralyse
Press: ? - help, Q - select action, (/) - cycle Shift-Dir - straight line, f/p - caustic shrike simulacrum
Aim: a caustic shrike simulacrum (moderately damaged, chance to affect: 64%)
The caustic shrike simulacrum struggles to resist.
The caustic shrike simulacrum claws you!
* * * LOW HITPOINT WARNING * * *
The caustic shrike simulacrum freezes you!
You resist.
You die...

#8...8.Z.## ###..°###
##..... .......Z##
###...### ##......
.........# ##...###
####....... ........##
#...## ##..........
..._....# #..###
##....###....
.......Z####....##
#...### ###..
.8...8...≈≈##....## #..##
###
########≈≈≈#..#Z..###...#
##≈≈Z≈###@..###..##
##≈≈≈≈###...###..##
###### ##...###..##
###.......# ###....##
######


You could see a caustic shrike simulacrum.

Vanquished Creatures
  Jorgrun (Shoals:3)
  A lich (IceCv)
  2 titans
  Polyphemus (Shoals:2)
  2 krakens (Shoals:4)
  Kirke (D:12)
  The ghost of Angmar the Brawler, an adept DrTm of Wu Jian (Shoals:2)
  Ilsuiw (Shoals:3)
  Donald (Snake:1)
  2 nagarajas
  A frost giant (Shoals:3)
  Aizul (Snake:1)
  An orc warlord (Orc:1)
  Azrael (Snake:3)
  A minotaur (Gauntlet)
  An ettin (Orc:1)
  7 merfolk javelineers
  2 fire dragons
  7 merfolk impalers
  5 hydras
  A catoblepas (Shoals:2)
  5 centaur warriors
  2 merfolk avatars
  6 anacondas
  A caustic shrike simulacrum (IceCv)
  A death knight (D:13)
  6 merfolk aquamancers (Shoals:4)
  3 satyrs
  A boulder beetle (D:13)
  2 dancing weapons (D:13)
  Erica (D:8)
  11 death yaks
  5 shock serpents
  12 two-headed ogres
  8 naga sharpshooters
  An orc high priest (Orc:2)
  7 naga warriors
  Sonja (Lair:3)
  4 skysharks
  A skeletal warrior (D:13)
  A salamander mystic (Snake:2)
  6 sea snakes
  4 bog bodies (IceCv)
  4 naga ritualists
  2 spriggan simulacra (IceCv)
  A wizard (D:15)
  2 deep elf pyromancers
  A lindwurm (Lair:5)
  7 harpies
  A necromancer (IceCv)
  Pikel (D:5)
  4 orc knights
  An oklob plant (Lair:5)
  An ugly thing (D:12)
  An orc sorcerer (Orc:1)
  A wolf spider (D:15)
  A mana viper (Snake:1)
  18 fauns
  15 cyclopes
  12 elephants
  7 salamanders
  16 manticores
  11 merfolk sirens
  26 black mambas
  6 naga magi
  14 water nymphs
  2 torpor snails
  An ice statue (Snake:4)
  2 gargoyles
  2 kobold demonologists (D:11)
  12 cane toads
  An unseen horror (D:11)
  2 molten gargoyles (Lair:5)
  An ice devil (IceCv)
  14 freezing wraiths
  2 golden dragon simulacra (IceCv)
  17 komodo dragons
  5 anaconda simulacra (IceCv)
  7 wind drakes
  11 merfolk
  6 trolls
  3 meliai (Gauntlet)
  2 polar bears
  A hornet (D:11)
  19 blink frogs
  10 dream sheep
  12 snapping turtles
  5 air elementals (Shoals:4)
  2 centaur simulacra (Gauntlet)
  9 slime creatures
  A shadow (D:12)
  2 vampires
  4 dire elephant simulacra (IceCv)
  9 water elementals (Shoals:4)
  14 wyverns
  5 humans (D:10)
  A human (shapeshifter) (D:13)
  3 wraiths
  38 yaks
  2 fire bats (Volcano)
  3 fire elementals (Snake:3)
  3 hogs (D:12)
  5 basilisks
  5 vampire mosquitoes
  3 steam dragons
  2 minotaur simulacra (IceCv)
  9 wargs
  11 water moccasins
  2 hydra simulacra (IceCv)
  An acid dragon (D:10)
  21 nagas
  A floating eye (shapeshifter) (D:15)
  6 hell hounds
  45 orc warriors
  2 black bears
  4 alligator simulacra (IceCv)
  11 ogres
  22 centaurs
  9 wolves
  6 kobold brigands
  2 phantoms
  10 bullfrogs
  4 gnoll sergeants
  A deep troll simulacrum (IceCv)
  4 water moccasin zombies (Ossuary)
  4 wights
  2 lindwurm simulacra (IceCv)
  A hornet simulacrum (Gauntlet)
  14 killer bees
  13 howler monkeys
  4 electric eels
  5 lava snakes (Lair:5)
  9 jellies
  13 orc priests
  3 hounds
  2 sleepcaps
  2 gnoll boudas (D:7)
  An iguana (D:7)
  16 orc wizards
  4 hell rats (Lair:1)
  3 mummies
  26 gnolls
  9 adders
  A shadow imp (D:6)
  3 white imps
  An ufetubus (D:5)
  2 adder zombies (Ossuary)
  6 worms
  3 dart slugs
  63 orcs
  18 endoplasms
  9 giant cockroaches
  4 gnoll zombies (Ossuary)
  8 goblins
  7 hobgoblins
  3 jackals (D:2)
  3 quokkas
  12 ball pythons
  6 bats
  5 frilled lizards
  4 hobgoblin zombies (Ossuary)
  35 kobolds
  7 kobold zombies (Ossuary)
  3 orc zombies (Ossuary)
  7 rats
  5 tentacles (Shoals:4)
1048 creatures vanquished.

Vanquished Creatures (others)
  An air elemental (Shoals:4)
  A hog (D:12)
  14 tentacles (Shoals:4)
16 creatures vanquished.

Grand Total: 1064 creatures vanquished

Notes
Turn   | Place    | Note
-------+----------+-------------------------------------------
     0 | D:1      | safid the Merfolk Ice Elementalist began the quest for the
                  | Orb.
     0 | D:1      | Reached XP level 1. HP: 13/13 MP: 3/3
   158 | D:1      | Reached XP level 2. HP: 11/20 MP: 0/5
   236 | D:1      | Reached skill level 1 in Fighting
   597 | D:1      | Reached XP level 3. HP: 25/26 MP: 4/6
  1229 | D:2      | Reached skill level 5 in Ice Magic
  1409 | D:2      | Reached XP level 4. HP: 33/33 MP: 8/8
  1451 | D:2      | Learned a level 3 spell: Frozen Ramparts
  1455 | D:2      | Learned a level 3 spell: Ozocubu's Armour
  1873 | D:3      | Reached XP level 5. HP: 16/39 MP: 5/9
  2693 | D:4      | Reached XP level 6. HP: 47/47 MP: 5/11
  2955 | D:4      | Found a runed translucent door.
  2972 | D:4      | Noticed mortz's ghost (amateur DgCj)
  3317 | D:4      | Found a runed translucent door.
  3369 | D:5      | Entered Level 5 of the Dungeon
  3417 | D:5      | Reached XP level 7. HP: 39/54 MP: 13/13
  3500 | D:5      | Noticed Pikel
  3521 | D:5      | Killed Pikel
  3522 | D:5      | Reached skill level 5 in Fighting
  3522 | D:5      | Reached skill level 5 in Spellcasting
  3522 | D:5      | Reached XP level 8. HP: 33/64 MP: 1/15
  4354 | D:6      | Found a glowing drain.
  4385 | Sewer    | Entered a sewer
  4607 | Sewer    | Reached XP level 9. HP: 30/71 MP: 15/18
  4659 | Sewer    | Found a viscous altar of Jiyva.
  4816 | D:6      | Learned a level 5 spell: Freezing Cloud
  4837 | D:6      | Learned a level 5 spell: Irradiate
  5064 | D:6      | Reached skill level 1 in Transmutations
  5094 | D:6      | Found a staircase to the Ecumenical Temple.
  5103 | Temple   | Entered the Ecumenical Temple
  5103 | Temple   | Found a transporter.
  5103 | Temple   | Found a transporter.
  5105 | Temple   | Found a transporter.
  5105 | Temple   | Found a transporter.
  5119 | Temple   | Became a worshipper of Vehumet
  5403 | D:7      | Found a hide-covered altar of Uskayaw.
  5405 | D:7      | Found a stormy altar of Qazlal.
  5405 | D:7      | Found a hazy altar of Hepliaklqana.
  5405 | D:7      | Found an ornate altar of the Wu Jian Council.
  5405 | D:7      | Found a shimmering blue altar of Sif Muna.
  5405 | D:7      | Found a snail-covered altar of Cheibriados.
  5405 | D:7      | Found a basalt altar of Yredelemnul.
  5624 | D:7      | Reached skill level 1 in Conjurations
  5624 | D:7      | Reached skill level 1 in Air Magic
  5844 | D:7      | Identified the +0 buckler "Wekkodie" {rN+}
  6068 | D:7      | Reached * piety under Vehumet
  6068 | D:7      | Offered knowledge of Sandblast by Vehumet.
  6141 | D:8      | Noticed Erica
  6155 | D:8      | Reached skill level 1 in Shields
  6316 | D:8      | Reached XP level 10. HP: 77/80 MP: 10/20
  6338 | D:8      | Offered knowledge of Kiss of Death by Vehumet.
  6354 | D:8      | Reached ** piety under Vehumet
  6355 | D:8      | Killed Erica
  6393 | D:8      | Found a sand-covered staircase.
  6400 | Ossuary  | Entered an ossuary
  6535 | Ossuary  | Reached skill level 5 in Dodging
  7042 | D:8      | Offered knowledge of Inner Flame by Vehumet.
  7362 | D:9      | Reached *** piety under Vehumet
  7433 | D:9      | Noticed an elephant
  7455 | D:9      | Killed an elephant
  7498 | D:9      | Found a staircase to the Lair.
  7522 | D:9      | Reached skill level 5 in Transmutations
  7717 | D:9      | Offered knowledge of Hailstorm by Vehumet.
  8269 | D:10     | Entered Level 10 of the Dungeon
  8392 | D:10     | Noticed a two-headed ogre
  8397 | D:10     | Reached XP level 11. HP: 82/87 MP: 18/22
  8401 | D:10     | Killed a two-headed ogre
  8409 | D:10     | Reached **** piety under Vehumet
  8512 | D:10     | Reached skill level 10 in Ice Magic
  8609 | D:10     | Found a transporter.
  8732 | D:10     | Found a transporter.
  8792 | D:10     | Noticed a green ugly thing
  8792 | D:10     | Noticed Ninjinzu's ghost (novice DsBe)
  8795 | D:10     | Noticed a tentacled starspawn
  8863 | D:10     | Noticed a hell hog
  8975 | Lair:1   | Entered Level 1 of the Lair of Beasts
  8980 | Lair:1   | Identified 2 scrolls of acquirement
  8983 | Lair:1   | Acquired 521 gold pieces
  8985 | Lair:1   | Acquired the +5 hand crossbow of Miof {speed, Str+2 Dex+4}
  9053 | Lair:1   | Offered knowledge of Fireball by Vehumet.
  9336 | Lair:1   | Found a dark tunnel.
  9346 | Volcano  | Entered a volcano
  9420 | Volcano  | Noticed a two-headed ogre
  9420 | Volcano  | Noticed a salamander
  9429 | Volcano  | Killed a salamander
  9430 | Volcano  | Killed a two-headed ogre
  9480 | Volcano  | Noticed a two-headed ogre
  9484 | Volcano  | Noticed a salamander
  9499 | Volcano  | Killed a two-headed ogre
  9500 | Volcano  | Reached XP level 12. HP: 54/97 MP: 22/24
  9505 | Volcano  | Reached skill level 10 in Fighting
  9559 | Volcano  | Noticed a two-headed ogre
  9564 | Volcano  | Killed a two-headed ogre
  9651 | Volcano  | Reached ***** piety under Vehumet
  9687 | Volcano  | Noticed a two-headed ogre
  9697 | Volcano  | Killed a two-headed ogre
  9697 | Volcano  | Offered knowledge of Flame Wave by Vehumet.
  9800 | Volcano  | Noticed a fire dragon
  9807 | Volcano  | Killed a fire dragon
 10918 | Lair:2   | Reached XP level 13. HP: 93/108 MP: 23/25
 10919 | Lair:2   | Reached skill level 1 in Evocations
 11027 | Lair:2   | Found a staircase to the Shoals.
 11759 | Lair:3   | Found a transporter.
 11761 | Lair:3   | Noticed Teddeol's ghost (journeyman NaRe)
 11763 | Lair:3   | Found a transporter.
 11822 | Lair:3   | Noticed Sonja
 11834 | Lair:3   | Killed Sonja
 12602 | Lair:3   | Found a staircase to the Snake Pit.
 12999 | Lair:4   | Offered knowledge of Iskenderun's Mystic Blast by Vehumet.
 13000 | Lair:4   | Reached skill level 10 in Dodging
 13598 | Lair:5   | Entered Level 5 of the Lair of Beasts
 13654 | Lair:5   | Found a large runed translucent door.
 13654 | Lair:5   | Found a large runed translucent door.
 13654 | Lair:5   | Noticed a fire dragon
 13663 | Lair:5   | Killed a fire dragon
 13813 | Lair:5   | Reached skill level 5 in Evocations
 13970 | Lair:5   | Reached XP level 14. HP: 118/118 MP: 22/26
 14340 | Lair:5   | Identified the +3 buckler of Fresh Happiness {rN+ Str+3
                  | Int+5}
 14841 | Lair:5   | Found a staircase to the Slime Pits.
 14849 | Lair:5   | Found a viscous altar of Jiyva.
 15351 | D:11     | Found a gate leading to a gauntlet.
 15373 | Gauntlet | Entered a Gauntlet
 15373 | Gauntlet | Found a transporter.
 15411 | Gauntlet | Found a transporter.
 15426 | Gauntlet | Found a transporter.
 15428 | Gauntlet | Found a large runed translucent door.
 15428 | Gauntlet | Found a large runed translucent door.
 15429 | Gauntlet | Found a large runed translucent door.
 15429 | Gauntlet | Found a large runed translucent door.
 15430 | Gauntlet | Found a large runed translucent door.
 15430 | Gauntlet | Found a large runed translucent door.
 15430 | Gauntlet | Found a runed translucent door.
 15430 | Gauntlet | Found a runed translucent door.
 15430 | Gauntlet | Found a large runed translucent door.
 15431 | Gauntlet | Found a transporter.
 15446 | Gauntlet | Found a transporter.
 15461 | Gauntlet | Found a large runed translucent door.
 15462 | Gauntlet | Found a large runed translucent door.
 15463 | Gauntlet | Found a large runed translucent door.
 15463 | Gauntlet | Found a large runed translucent door.
 15464 | Gauntlet | Found a runed translucent gate.
 15465 | Gauntlet | Found a transporter.
 15465 | Gauntlet | Found a runed translucent gate.
 15466 | Gauntlet | Found a runed translucent gate.
 15467 | Gauntlet | Found a large runed translucent door.
 15467 | Gauntlet | Found a large runed translucent door.
 15468 | Gauntlet | Found a large runed translucent door.
 15469 | Gauntlet | Found a large runed translucent door.
 15477 | Gauntlet | Found a transporter.
 15486 | Gauntlet | Found the +6 Majin-Bo {spellvamp, MP+6 Int+6}
 15489 | Gauntlet | Found a transporter.
 15501 | Gauntlet | Found a transporter.
 15513 | Gauntlet | Found a transporter.
 15530 | Gauntlet | Found a transporter.
 15550 | Gauntlet | Found a transporter.
 15550 | Gauntlet | Found a transporter.
 15570 | Gauntlet | Found a transporter.
 15586 | Gauntlet | Found a large runed translucent door.
 15592 | Gauntlet | Found a transporter.
 15669 | Gauntlet | Found a transporter.
 15694 | Gauntlet | Found a transporter.
 15696 | Gauntlet | Found a transporter.
 16225 | Gauntlet | Identified the ring "Ucsusoan" {Fire rElec rPois Int-2
                  | Dex+2}
 16346 | Gauntlet | Identified the +7 dagger of Xainon Lili {heavy, Int+6}
 16354 | Gauntlet | Identified the amulet "Iffuf" {RegenMP rC+ Str+6}
 16400 | D:11     | Noticed safid's ghost (journeyman MfIE)
 16406 | D:11     | Found a transporter.
 16419 | D:11     | Reached skill level 15 in Ice Magic
 16442 | D:11     | Reached skill level 5 in Conjurations
 16450 | D:11     | Reached XP level 15. HP: 118/126 MP: 27/27
 16548 | D:11     | Identified the +0 scale mail of Pimpaff {rCorr Int+4}
 16560 | D:11     | Found a transporter.
 16616 | D:11     | Found a staircase to the Orcish Mines.
 17044 | Orc:1    | Entered Level 1 of the Orcish Mines
 17266 | Orc:1    | Found a transporter.
 17707 | Orc:1    | Noticed an orc warlord
 17717 | Orc:1    | Reached skill level 1 in Staves
 17721 | Orc:1    | Killed an orc warlord
 17723 | Orc:1    | Reached ****** piety under Vehumet
 17966 | Orc:1    | Found a transporter.
 18003 | Orc:2    | Entered Level 2 of the Orcish Mines
 18087 | Orc:2    | Offered knowledge of Arcjolt by Vehumet.
 18149 | Orc:2    | Found Beeg's Assorted Antiques.
 18150 | Orc:2    | Found a staircase to the Elven Halls.
 18186 | Orc:2    | Found Pewoach's Armour Emporium.
 18731 | Orc:2    | Found Hamefere's Distillery.
 18731 | Orc:2    | Found Ridueb's Distillery.
 18736 | Orc:2    | Found Waivvolu's Weapon Boutique.
 18768 | Orc:2    | Found Quotsa Tiem's Antique Armour Shoppe.
 19311 | Orc:2    | Found Onell's Assorted Antiques.
 19315 | Orc:2    | Bought a scroll of identify for 48 gold pieces
 19325 | Orc:2    | Found a transporter.
 19327 | Orc:2    | Found Gusydes's Antique Armour Shoppe.
 19363 | Orc:2    | Found a transporter.
 19576 | Orc:2    | Bought a bound wooden ring for 160 gold pieces
 19576 | Orc:2    | Identified the ring "Hoadexaq" {rPois rN+ SInv} (You bought
                  | it in a shop on level 2 of the Orcish Mines)
 19605 | Orc:2    | Bought an embroidered robe for 136 gold pieces
 19618 | Orc:2    | Bought a potion of curing for 42 gold pieces
 19619 | Orc:2    | Bought a potion of heal wounds for 75 gold pieces
 19619 | Orc:2    | Bought a potion of curing for 45 gold pieces
 19619 | Orc:2    | Bought a potion of curing for 45 gold pieces
 19619 | Orc:2    | Bought a potion of haste for 150 gold pieces
 19619 | Orc:2    | Bought a potion of haste for 150 gold pieces
 19762 | Orc:1    | Reached skill level 10 in Transmutations
 20000 | D:12     | Offered knowledge of Ozocubu's Refrigeration by Vehumet.
 20010 | D:12     | Learned a level 7 spell: Ozocubu's Refrigeration
 20385 | D:12     | Found a radiant altar of Vehumet.
 20445 | D:12     | Identified the staff of fire "Feawiyri" {rF+ Int+4 Dex+2}
 20492 | D:12     | Noticed Kirke
 20503 | D:12     | Killed Kirke
 21045 | Shoals:1 | Entered Level 1 of the Shoals
 21499 | Shoals:1 | Found Ziryc's Antique Armour Emporium.
 21869 | Shoals:1 | Reached skill level 15 in Fighting
 22060 | Shoals:1 | Found Veptifipn's Antique Armour Boutique.
 22479 | Shoals:1 | Noticed Mlioglotl
 22658 | Shoals:1 | Identified the +1 robe of Vlad {rElec}
 22903 | Shoals:2 | Noticed Polyphemus
 22911 | Shoals:1 | Reached XP level 16. HP: 136/136 MP: 9/28
 23020 | Shoals:2 | Offered knowledge of Eringya's Noxious Bog by Vehumet.
 23088 | Shoals:2 | Killed Polyphemus
 23471 | Shoals:2 | Found Woirpho's General Store.
 23690 | Shoals:2 | Found a large runed translucent door.
 23690 | Shoals:2 | Found a large runed translucent door.
 23691 | Shoals:2 | Noticed Angmar's ghost (adept DrTm)
 23697 | Shoals:2 | Reached skill level 5 in Staves
 23801 | Shoals:2 | Killed Angmar's ghost
 24958 | Shoals:3 | Noticed Jorgrun
 24981 | Shoals:3 | Killed Jorgrun
 25084 | Shoals:3 | Found a runed translucent gate.
 25085 | Shoals:3 | Found a runed translucent gate.
 25086 | Shoals:3 | Found a runed translucent gate.
 25245 | Shoals:3 | Noticed Ilsuiw
 25409 | Shoals:3 | Killed Ilsuiw
 26074 | Shoals:3 | Noticed a titan
 26096 | Shoals:3 | Killed a titan
 26426 | Shoals:3 | Noticed Heomusus's ghost (adept DrTm)
 26446 | Shoals:4 | Entered Level 4 of the Shoals
 26863 | Shoals:4 | Noticed a titan
 26881 | Shoals:4 | Killed a titan
 26905 | Shoals:4 | Offered knowledge of Plasma Beam by Vehumet.
 27160 | Shoals:4 | Got a barnacled rune of Zot
 27169 | Shoals:4 | Identified the ring "Hewihev" {Fly rElec rPois rC+++
                  | Slay-6}
 27188 | Shoals:4 | Reached XP level 17. HP: 113/144 MP: 16/29
 27410 | Shoals:4 | Paralysed by an air elemental for 1 turns
 27440 | Shoals:4 | Paralysed by an air elemental for 1 turns
 27610 | Shoals:4 | Reached skill level 10 in Staves
 27799 | Shoals:4 | Paralysed by an air elemental for 1 turns
 28070 | Shoals:4 | Noticed a kraken
 28166 | Shoals:4 | Killed a kraken
 28923 | Shoals:4 | Noticed a kraken
 28931 | Shoals:4 | Killed a kraken
 28967 | Shoals:4 | Paralysed by an air elemental for 1 turns
 29803 | D:13     | Found a gate to the Vaults.
 30046 | D:13     | Identified the +1 robe of the End {Rampage rC+ Dex-5
                  | Stlth+}
 30841 | D:14     | Offered knowledge of Iron Shot by Vehumet.
 31438 | D:15     | Entered Level 15 of the Dungeon
 32096 | D:15     | Found a staircase to the Depths.
 32660 | Snake:1  | Entered Level 1 of the Snake Pit
 33244 | Snake:1  | Noticed Aizul
 33260 | Snake:1  | Killed Aizul
 33386 | Snake:1  | You are sucked into a shaft and drop 1 floor!
 33632 | Snake:2  | Identified the +10 plate armour of a ziggurat {-Tele rN+
                  | rCorr Dex+2}
 34082 | Snake:2  | Reached XP level 18. HP: 156/156 MP: 19/30
 34082 | Snake:2  | Offered knowledge of Shatter by Vehumet.
 34082 | Snake:2  | Offered knowledge of Chain Lightning by Vehumet.
 34082 | Snake:2  | Offered knowledge of Polar Vortex by Vehumet.
 34094 | Snake:2  | Learned a level 9 spell: Polar Vortex
 34972 | Snake:1  | Identified the +5 great sword of Kukot {pain, Will- MP+9
                  | Str+2 Dex+9}
 35020 | Snake:1  | Noticed Donald
 35025 | Snake:1  | Killed Donald
 36557 | Snake:3  | Noticed Azrael
 36562 | Snake:3  | Killed Azrael
 36877 | Snake:4  | Entered Level 4 of the Snake Pit
 36948 | Snake:4  | Found a frozen archway.
 36989 | IceCv    | Entered an ice cave
 37654 | IceCv    | Found an ancient bone altar of Kikubaaqudgha.
 37717 | IceCv    | Gained mutation: You are frail. (-10% HP) [mutagenic glow]
 37725 | IceCv    | HP: 5/141 [dire elephant simulacrum (8)]
 37752 | IceCv    | Gained mutation: You occasionally lose the ability to drink
                  | potions when taking damage. [mutagenic glow]
 37863 | IceCv    | Lost mutation: You occasionally lose the ability to drink
                  | potions when taking damage. [potion of mutation]
 37863 | IceCv    | Lost mutation: You are frail. (-10% HP) [potion of
                  | mutation]
 37863 | IceCv    | Gained mutation: You possess an exceptional clarity of
                  | mind. [potion of mutation]
 37863 | IceCv    | Gained mutation: You passively map a small area around you.
                  | [potion of mutation]
 37863 | IceCv    | Gained mutation: Your mind is acute. (Int +4, Str/Dex -1)
                  | [potion of mutation]
 38109 | IceCv    | Upgraded the game from 0.30.1-5-ged363bc7ee to
                  | 0.30.1-6-gbe392663c4
 38261 | IceCv    | Identified the ring "Felan" {+Blink rPois rF+ rN+}
 38264 | IceCv    | Noticed a lich
 38277 | IceCv    | Killed a lich
 38310 | IceCv    | HP: 7/160 [caustic shrike simulacrum (5)]
 38310 | IceCv    | HP: 2/160 [caustic shrike simulacrum (5)]
 38324 | IceCv    | HP: 7/160 [caustic shrike simulacrum (12)]
 38324 | IceCv    | Slain by a caustic shrike simulacrum

Illustrated notes

Levels and vault maps discovered:
D:1:      tarquinn_simple_flora_water_e, layout_basic
D:2:      layout_loops_ring, minmay_tetromino_s4
D:3:      layout_loops_ring, minmay_starry_boxes
D:4:      layout_gridville, ebering_ghost_sewer_f, nrook_campfire
D:5:      layout_basic, uniq_pikel
D:6:      layout_rooms, minmay_temple_entry_junction, serial_bayou,
          serial_bayou_lagoon_a, serial_bayou_shore_b, serial_bayou_pond_e,
          serial_bayou_shore_b, cheibrodos_sewer_entry_drain
D:7:      layout_cave_pools, grunt_temple_overflow_open
D:8:      layout_rooms, gup_ossuary_entry_pyramid, uniq_erica
D:9:      layout_basic, david_lair_generic, st_stairs_9
D:10:     layout_cave_pools, gammafunk_ghost_abyssal_escape, minmay_ruffians
D:11:     cheibrodos_barr_body, layout_rooms, gauntlet_entry_generic,
          gammafunk_ghost_stat_death
D:12:     layout_gridville, fiery_altar_vehumet, uniq_kirke
D:13:     layout_long_grid, erik_vaults_1
D:14:     layout_basic
D:15:     hangedman_depths_entry_try_elsewhere_first, layout_loops_ring,
          bh_walls_and_bars, minivault_26
Temple:   hellmonk_temple_divided_pantheon
Lair:1:   layout_chaotic_city, lightli_volcano_entry_magma_tube, minivault_19,
          grunt_megastairs_1
Lair:2:   layout_cave_pods, minmay_shoals_entry_hut
Lair:3:   layout_chaotic_city, nicolae_snake_entry_squirm,
          gammafunk_ghost_arena, nicolae_quartered_pool_little,
          grunt_megastairs_5, lemuel_fruit_tree, uniq_sonja
Lair:4:   layout_regular_city
Lair:5:   cheibrodos_lair_end_hotspot, layout_regular_city,
          dpeg_slime_entry_corner
Shoals:1: layout_shoals, serial_shops, nicolae_shop_waterfront, shop,
          shoals_oasis, nicolae_shoals_dead_sea_scrolls, uniq_mlioglotl
Shoals:2: layout_shoals, serial_shops, nicolae_shop_crystal,
          ebering_ghost_disaster_area, uniq_polyphemus
Shoals:3: cheibrodos_shoals_gigantism, layout_shoals,
          gammafunk_ghost_necromancy, uniq_ilsuiw, uniq_jorgrun
Shoals:4: shoals_end_hellmonk_storm_palace [storm_palace_center_square,
          storm_palace_corner_narrow, storm_palace_corner_narrow,
          storm_palace_corner_blocked, storm_palace_corner_pillars]
Snake:1:  layout_rooms, uniq_donald, uniq_aizul
Snake:2:  layout_grid_shapes, serial_bayou_pond_e,
          nicolae_snake_round_shape_thing, serial_bayou_crossing
Snake:3:  layout_grid_shapes, uniq_azrael
Snake:4:  grunt_snake_rune_pools, layout_misc_corridors,
          portal_ice_cave_entry_ice_statue_one, hangedman_snake_corridor_split
Orc:1:    gammafunk_beogh_shrine, layout_caves
Orc:2:    st_orc_rangers, layout_diamond_mine, serial_shops,
          nicolae_shop_back_alley_shop, nicolae_shop_crystal,
          nicolae_shop_drivethru, nicolae_shop_tiny_glass
IceCv:    ice_cave_small_necro

Skill      XL: |  1  2  3  4  5  6  7  8  9 10 11 12 13 14 15 16 17 18 |
---------------+-------------------------------------------------------+-----
Fighting       | 1 2 3 4 5 6 7 8 9 12 13 14 15 16 17 19 | 19.0
Ice Magic      | 5 6 7 8 9 10 13 14 15 16 17 18 19 | 19.6
Spellcasting   | 3 4 5 6 7 8 |  8.0
Dodging        | 4 6 8 10 12 13 | 13.0
Transmutations | 3 5 7 8 9 10 12 | 12.0
Conjurations   | 2 3 4 5 6 |  6.0
Air Magic      | 2 3 4 |  4.0
Shields        | 1 3 4 |  4.0
Evocations     | 5 7 8 |  8.0
Staves         | 4 9 12 | 12.0
Stealth        | |  2.1

Action                     |  1- 3 |  4- 6 |  7- 9 | 10-12 | 13-15 | 16-18 || total
---------------------------+-------+-------+-------+-------+-------+-------++-------
  Melee: Unarmed           |     8 |       |       |       |       |       ||     8
         Club              |    19 |       |       |       |       |       ||    19
         Short sword       |    59 |       |       |       |       |       ||    59
         Dagger            |    71 |   204 |   362 |   305 |       |       ||   942
         Punch             |     2 |     2 |     5 |       |       |       ||     9
         Tailslap          |       |       |    15 |       |       |     5 ||    20
         Bo                |       |       |       |       |   167 |   670 ||   837
   Fire: Hand crossbow     |       |       |       |   176 |   405 |       ||   581
  Throw: Dart              |       |       |       |       |       |     3 ||     3
         Throwing net      |       |       |       |       |       |     6 ||     6
   Cast: Freeze            |    15 |     4 |    12 |     2 |     1 |       ||    34
         Frozen Ramparts   |       |     8 |    22 |    59 |    75 |    39 ||   203
         Ozocubu's Armour  |       |     5 |    18 |    42 |    57 |    37 ||   159
         Freezing Cloud    |       |       |       |    17 |   127 |    19 ||   163
         Irradiate         |       |       |       |       |     7 |    53 ||    60
         Ozocubu's Refrige |       |       |       |       |    52 |   311 ||   363
  Evoke: Wand              |       |       |       |     6 |     1 |     3 ||    10
    Use: Potion            |       |       |     3 |       |     9 |    11 ||    23
         Scroll            |       |       |     3 |    11 |    17 |    15 ||    46
   Stab: Sleeping          |     3 |     6 |     5 |       |       |     1 ||    15
 Armour: Robe              |    43 |    69 |   143 |   168 |   243 |   315 ||   981
  Dodge: Dodged            |   126 |   108 |   273 |   291 |   527 |   624 ||  1949
  Block: Buckler           |       |       |     6 |   108 |   199 |   165 ||   478
